qwd, chaotic female elven Wizard -- |. |. |.- |.| |.| |.| -- |.| ------...--- |.-- --.|........| ----|..------...........-- ------ .....|....@h..............(...........| -......----.......................-- |......-- |........---- ..........| ---.<...| |.......-- --- ..-- ---.--- |.......| -- --- --......| --.....| ------- qwd the Conjurer Experience level: 4 Strength: 14 Dexterity: 12 Constitution: 14 Intelligence: 16 Wisdom: 10 Charisma: 9 Health: 0(28) Energy: 14(47) Def: 1 Gold: 134 Moves: 1350 Dungeon seed: doDO38A5JNNxX6Ov Game ID: qwd_1508603760 Your Inventory: Coins $ - 134 gold pieces Weapons a - a blessed +1 quarterstaff (weapon in hands) Armor e - an uncursed +0 cloak of magic resistance (being worn) Comestibles q - an uncursed candy bar r - 2 uncursed food rations D - 2 uncursed food rations Scrolls h - an uncursed scroll of light i - an uncursed scroll of magic mapping j - an uncursed scroll of enchant weapon t - a cursed scroll of fire x - a blessed scroll of identify Spellbooks k - a blessed spellbook of force bolt l - an uncursed spellbook of detect monsters Potions f - 2 uncursed potions of fruit juice g - an uncursed potion of healing Rings c - an uncursed ring of warning d - an uncursed ring of protection from shape changers o - an uncursed ring of protection from shape changers Wands b - a wand of digging (0:4) u - a wand of digging (0:5) Tools m - an uncursed leather drum v - an uncursed tallow candle (0:200) z - an uncursed credit card Gems y - an uncursed amethyst stone Spells and supernatural/magical abilities: Name Level Category Fail Memory a - force bolt 1 attack 0% 94% n - detect monsters 1 divination 0% 94% W - pray for help -- divine ? -- Your skills at the end: Fighting Skills Weapon Skills quarterstaff [Basic] Spellcasting Skills attack spells [Basic] enchantment spells [Basic] Final Attributes: You were piously aligned. You were sleep resistant. You were magic-protected. You were telepathic. You had infravision. You are dead. Vanquished creatures: 2 floating eyes 2 dwarves 2 giant rats 8 gnomes 2 geckos 3 jackals 2 foxes a kobold a goblin 4 lichens 5 newts 32 creatures vanquished. Voluntary challenges: You were an atheist. You used a wielded weapon 20 times, starting on turn 214. You read items or engraved 2 times, starting on turn 1143. You never genocided any monsters. You never polymorphed an object. You never changed form. You used no wishes. You never split a pudding. You never wrote Elbereth's name. You never violated your personal moral code. Dungeon overview: The Dungeons of Doom: levels 1 to 4 Level 1 a fountain a long staircase Level 2 a general store stairs to The Gnomish Mines Level 3 a general store, a fountain Level 4 The Gnomish Mines: Level 3 <- You were here stairs to The Dungeons of Doom History has recorded: On T:1 you entered the Dungeons of Doom to retrieve the Amulet of Yendor! On T:347 you reached level 2 of The Dungeons of Doom. On T:524 you advanced to experience level 2. On T:732 you reached level 1 of The Gnomish Mines. On T:750 you advanced to experience level 3. On T:773 you advanced to experience level 4. On T:821 you reached level 3 of The Dungeons of Doom. On T:1132 you reached level 4 of The Dungeons of Doom. Score breakdown: Gold: 134 ( 7246 points) Experience: 4 levels ( 9649 points) Exploration: 4 levels ( 8.33%) ( 7579 points) Discoveries: 2 items ( 0.72%) ( 2549 points) Valuables value: (no points given unless you survive) Artifact value: 0 ( 0 points) Variety of kills: 11 monsters ( 2.89%) ( 5097 points) Turncount: 1350 turns ( 0 points) Survival: died (score multiplied by 80%) Total score: 25696 Latest messages: You drop a scroll labeled ELBIB YLOH (unpaid, 266 zorkmids). You drop a scroll of light (unpaid, 66 zorkmids). You drop a potion of healing (unpaid, 133 zorkmids). You see here a pick-axe. You can't go down here. You hear the footsteps of a guard on patrol. You are beginning to feel hungry. There are a few objects here. (2x) The spell hits the mind flayer! The mind flayer resists! There are a few objects here. The spell hits the mind flayer! The mind flayer resists! The mind flayer zaps a runed wand! The bolt of fire hits you! You die... Final status: Goodbye qwd the Wizard, killed by a bolt of fire... You died in The Gnomish Mines on dungeon level 3 with 25696 points, and 134 pieces of gold, after 1350 moves. You were level 4 with a maximum of 28 hit points when you died.